 Dungeon Crawl Stone Soup version 0.28.0-53-g5a82cb258f (webtiles) character file.

Game seed: 2522192949514382450

147 safid the Chopper (level 5, 0/46 HPs)
             Began as a Hill Orc Fighter on Aug 1, 2022.
             Slain by an adder (4 damage)
             ... on level 4 of the Dungeon.
             The game lasted 00:02:03 (1090 turns).

safid the Chopper (Hill Orc Fighter)                Turns: 1090, Time: 00:02:03

Health: 0/46       AC:  7    Str: 27    XL:     5   Next: 29%
Magic:  5/5        EV:  9    Int:  8    God:
Gold:   36         SH:  4    Dex: 10    Spells: 4/4 levels left

rFire   . . .      SeeInvis .   a - +0 war axe
rCold   . . .      Faith    .   c - +0 buckler
rNeg    . . .      Spirit   .   b - +0 scale mail
rPois   .          Reflect  .   (no helmet)
rElec   .          Harm     .   (no cloak)
rCorr   .          Rampage  .   (no gloves)
Will    .....                   (no boots)
Stlth   ..........              (no amulet)
HPRegen 0.15/turn               e - +6 ring of strength
MPRegen 0.09/turn               (no ring)

@: no status effects
A: no striking features
a: no special abilities


You were on level 4 of the Dungeon.
You visited 1 branch of the dungeon, and saw 3 of its levels.

You collected 36 gold pieces.

Inventory:

Hand Weapons
 a - a +0 war axe (weapon)
Missiles
 q - 5 boomerangs (quivered)
Armour
 b - a +0 scale mail (worn)
 c - a +0 buckler (worn)
Jewellery
 e - a +6 ring of strength (left hand)
Scrolls
 i - 2 scrolls of identify {unknown}
 j - a scroll of teleportation {unknown}
 l - a scroll of magic mapping {unknown}
 m - a scroll of blinking {unknown}
 n - a scroll of noise {unknown}
 r - a scroll of enchant weapon {unknown}
Potions
 d - a potion of might
 f - a potion of experience {unknown}
 g - a potion of curing {unknown}
 h - a potion of cancellation
 k - a potion of flight {unknown}
 o - a potion of heal wounds {unknown}
 s - a potion of resistance {unknown}


   Skills:
 - Level 4.0 Fighting
 + Level 5.6 Axes
 - Level 4.0 Armour
 - Level 4.0 Shields


You had 4 spell levels left.
You didn't know any spells.
Your spell library was empty.

Dungeon Overview and Level Annotations

Branches:
Dungeon (2/15)

Altars:
Dithmenos

Annotations:
D:4 Menkaure


Message History

You feel attractive to monsters.
You feel sick.
You are no longer poisoned.
The adder bites you but does no damage. x2
You block the adder's attack. Menkaure is attracted toward you.
Menkaure is attracted toward you.
Menkaure mumbles some strange words.
Menkaure seems to speed up.
Menkaure is attracted toward you.
Menkaure calls on the powers of darkness!
The adder convulses!
Your body is wracked with pain!
* * * LOW HITPOINT WARNING * * *
The adder bites you.
* * * LOW HITPOINT WARNING * * *
Menkaure is attracted toward you. Menkaure is attracted toward you.
You block the adder's attack.
Menkaure calls on the powers of darkness!
The adder convulses!
Your body is wracked with pain!
* * * LOW HITPOINT WARNING * * *
Menkaure is attracted toward you. The adder closely misses you.
Menkaure calls on the powers of darkness!
The adder convulses!
You feel a surge of unholy energy. Menkaure is attracted toward you.
Menkaure calls on the powers of darkness!
Your body is wracked with pain!
* * * LOW HITPOINT WARNING * * *
The adder bites you but does no damage. Menkaure is attracted toward you.
Menkaure calls on the powers of darkness!
You feel a surge of unholy energy. You block the adder's attack.
Menkaure is attracted toward you. Menkaure is attracted toward you.
The adder bites you but does no damage.
You feel less attractive to monsters. The adder barely misses you.
Found a puce potion, 11 gold pieces and a ring mail.
A kobold comes into view. It is wielding a +0 whip.
The kobold shouts!
The adder bites you.
You die...

######.# ......
#......# ......
#......###......
#......+........
#.......#......
#......###..##
####.#..#..#.###
#..###MS.###..##
#.#..#..#@.#..#.#
####...###...####
#.#..#..#..#..#.#
#....###...###...#
#..#..#..#..#..#.#
.###...###...####
.#..#K$#!.#.[#.#
..###...###..##


You could see Menkaure (fast), an adder and a kobold.

Vanquished Creatures
  A water moccasin zombie (D:4)
  A howler monkey (D:4)
  3 adders
  4 endoplasms
  2 giant cockroaches
  4 goblins
  2 hobgoblins
  A quokka (D:1)
  4 ball pythons
  A bat (D:2)
  2 frilled lizards
  2 kobolds
  3 rats (D:1)
30 creatures vanquished.

Notes
Turn   | Place    | Note
-------+----------+-------------------------------------------
     0 | D:1      | safid the Hill Orc Fighter began the quest for the Orb.
     0 | D:1      | Reached XP level 1. HP: 19/19 MP: 1/1
   204 | D:1      | Reached skill level 3 in Axes
   204 | D:1      | Reached XP level 2. HP: 16/27 MP: 2/2
   884 | D:2      | Reached XP level 3. HP: 33/33 MP: 3/3
   938 | D:2      | You fall into a shaft and drop 2 floors!
   938 | D:4      | Found a shadowy altar of Dithmenos.
   949 | D:4      | Reached skill level 4 in Axes
   949 | D:4      | Reached XP level 4. HP: 19/40 MP: 4/4
  1017 | D:4      | Noticed Menkaure
  1024 | D:4      | Reached skill level 5 in Axes
  1024 | D:4      | Reached XP level 5. HP: 8/46 MP: 5/5
  1090 | D:4      | Slain by an adder

Illustrated notes

Levels and vault maps discovered:
D:1:      wander_arrival_peaceful_grave, layout_rooms, hangedman_decor_growths,
          minmay_misc_feat_columns
D:2:      layout_basic, uniq_sigmund, uniq_robin
D:4:      layout_basic, kennysheep_mini_moat, nicolae_dithmenos_shadow_blocks,
          minmay_misc_feat_four_crosses, kennysheep_doodads, uniq_menkaure

Skill      XL: |  1  2  3  4 |
---------------+-------------+-----
Axes           | 3 4 5 |  5.6
Fighting       | 4 |  4.0
Armour         | 4 |  4.0
Shields        | 4 |  4.0

Action                   |  1- 3 |  4- 6 || total
-------------------------+-------+-------++-------
Melee: War axe           |    69 |    17 ||    86
  Use: Potion            |       |     2 ||     2
Armor: Scale mail        |    40 |    24 ||    64
Dodge: Dodged            |    28 |    13 ||    41
Block: Buckler           |    16 |     5 ||    21
